 Dungeon Crawl Stone Soup version 0.23-a0-204-g3eb00d1601 (webtiles) character file.

78988 PikkenKukken the Basher (level 15, 0/95 HPs)
             Began as a Gargoyle Fighter on Sept 24, 2018.
             Was the Champion of Zin.
             Slain by a tarantella (8 damage)
             ... on level 1 of the Spider Nest.
             The game lasted 01:05:34 (27112 turns).

PikkenKukken the Basher (Gargoyle Fighter)         Turns: 27112, Time: 01:05:34

Health: 0/95       AC: 31    Str: 30    XL:     15   Next: 62%
Magic:  0/22       EV:  9    Int:  9    God:    Zin [******]
Gold:   1583       SH:  0    Dex:  9    Spells: 14/14 levels left

rFire    . . .     SeeInvis .   p - +8 whip "Snakebite" {curare, rPois}
rCold    . . .     Gourm    .   M - +0 large shield
rNeg     + + .     Faith    .   d - +0 plate armour
rPois    ∞         Spirit   +   s - +2 hat of the Bear Spirit {Spirit, +Rage rN+ MR++}
rElec    +         Reflect  .   n - scarf {Spirit}
rCorr    .         Harm     .   (no gloves)
MR       ++++.                  v - +2 pair of boots
Stlth    ..........             (no amulet)
HPRegen  0.25/turn              D - +4 ring of strength
MPRegen  0.18/turn              E - ring of protection from magic

@: confused, berserk cooldown, flying, slowed, very slow
A: big wings, negative energy resistance 1, electricity resistance, unbreathing,
petrification resistance, rot immunity, AC +11
a: Stop Flying, Recite, Vitalisation, Imprison, Sanctuary, Donate Gold, Renounce
Religion, Evoke Berserk Rage


You were on level 1 of the Spider Nest.
You worshipped Zin.
Zin was exalted by your worship.
You were not hungry.

You visited 5 branches of the dungeon, and saw 21 of its levels.
You also visited: Sewer, Ossuary and Volcano.

You collected 2565 gold pieces.
You spent 687 gold pieces at shops.
You donated 295 gold pieces to Zin.

Inventory:

Hand Weapons
 a - a +0 flail of venom
 p - the +8 whip "Snakebite" (weapon) {curare, rPois}
   (You acquired it on level 4 of the Dungeon)

   It poisons the flesh of those it strikes.
   It protects you from poison.
 r - a +3 mace of holy wrath
Armour
 d - a +0 plate armour (worn)
 n - a scarf of spirit shield (worn)
 s - the +2 hat of the Bear Spirit (worn) {Spirit, +Rage rN+ MR++}
   (You found it on level 3 of the Lair of Beasts)

   It protects you from negative energy.
   It affects your resistance to hostile enchantments.
   It lets you go berserk.
 v - a +2 pair of boots (worn)
 M - a +0 large shield (worn)
Jewellery
 j - an uncursed ring of resist corrosion
 D - a +4 ring of strength (left hand)
 E - a ring of protection from magic (right hand)
 J - a +4 ring of intelligence
Wands
 g - a wand of acid (27)
 h - a wand of flame (125)
 F - a wand of paralysis (29)
 N - a wand of iceblast (16)
Scrolls
 k - 2 scrolls of fog
 l - 7 scrolls of remove curse
 q - 5 scrolls of amnesia
 u - a scroll of brand weapon
 w - 6 scrolls of fear
 y - 3 scrolls of blinking
 A - 5 scrolls of teleportation
 H - a scroll of enchant weapon
 L - a scroll of holy word
Potions
 e - 2 potions of heal wounds
 i - 2 potions of mutation
 m - 5 potions of flight
 o - 2 potions of cancellation
 t - 5 potions of brilliance
 x - 2 potions of haste
 z - a potion of resistance
 B - 3 potions of magic
 C - a potion of invisibility
 G - 2 potions of experience
Miscellaneous
 c - a phial of floods
Comestibles
 b - 2 chunks of flesh
 f - 29 rations


   Skills:
 + Level 11.4 Fighting
 * Level 14.2 Maces & Flails
 + Level 11.6 Armour
 + Level 8.7 Dodging
 + Level 11.7 Shields
 + Level 10.5 Invocations
 + Level 6.1 Evocations


You had 14 spell levels left.
You didn't know any spells.
Your spell library contained the following spells:

 Spells                   Type           Power        Failure   Level  Hunger
 Magic Dart               Conj           #...         100%        1    ##.....
 Searing Ray              Conj           #.....       100%        2    ###....
 Dazzling Spray           Conj/Hex       #.....       100%        3    ####...
 Force Lance              Conj/Tloc      #.......     100%        4    #####..
 Fulminant Prism          Conj/Hex       #.........   100%        4    #####..
 Iskenderun's Mystic Bla  Conj           #.......     100%        4    #####..


Dungeon Overview and Level Annotations

Branches:
Dungeon (11/15)            Temple (1/1) D:5            Lair (6/6) D:9
 Shoals (0/4) Lair:2       Spider (1/4) Lair:3        Slime (0/5) Lair:6
    Orc (2/2) D:11            Elf (0/3) Orc:2

Altars:
Ashenzari
Cheibriados
Dithmenos
Elyvilon
Fedhas
Gozag
Hepliaklqana
Kikubaaqudgha
Makhleb
Nemelex Xobeh
Okawaru
Qazlal
Ru
Sif Muna
Trog
Uskayaw
Vehumet
Wu Jian
Xom
Yredelemnul
Zin
The Shining One
Beogh
Jiyva

Shops:
D:4 :(?!   Orc:2 }[}?


Innate Abilities, Weirdness & Mutations

You are resistant to torment.
Your stone body is resilient. (AC +11)
You are immune to poison.
Your large and strong wings let you fly indefinitely.
You resist negative energy. (rN+)
You are resistant to electric shocks. (rElec)
You can survive without breathing.
You are immune to petrification.
You are immune to rotting.


Message History

The emperor scorpion claws you!
* * * LOW HITPOINT WARNING * * *
The tarantella closely misses you.
The tarantella bites you but does no damage.
The tarantella bites you but does no damage.
The tarantella bites you!
* * * LOW HITPOINT WARNING * * *
The tarantella bites you but does no damage. x2
You bump into the rock wall.
The tarantella bites you but does no damage. x2
The tarantella closely misses you.
The tarantella bites you but does no damage.
The tarantella bites you.
* * * LOW HITPOINT WARNING * * *
The emperor scorpion stings you but does no damage.
The emperor scorpion claws you.
* * * LOW HITPOINT WARNING * * *
The emperor scorpion claws you but does no damage.
The tarantella bites you!
You die...

....## ##††....##..#
#≈≈≈≈#
##...####†††##...#..#
##≈≈##
##...##..s####.....##
≈≈# ##...†..## ##....≈#
≈≈# ##....## ##...≈# ≈≈≈
##....## ##..≈≈# ≈≈.#
###......## ##..≈≈≈#
#....##...####^..####
##†..####...##ss@##
#.†..# ##...†ss## .†.###
##≈..s## †.## #≈≈.≈# ###
†## #≈≈≈≈#
########.##### ##
#########..##.##.....# #
##.......##..#.....#
####......###.......####
#^.......##..........##.


You could see an emperor scorpion, a demonic crawler and 3 tarantellas.

Vanquished Creatures
  Nessos (Orc:1)
  A minotaur (Lair:1)
  Snorg (Orc:1)
  An ettin (Orc:1)
  A fire dragon (Lair:6)
  4 hydras
  The ghost of Banto the Spear-Bearer, a journeyman DsGl of Okawaru (D:11)
  A catoblepas (Lair:4)
  2 ogre magi
  14 two-headed ogres
  3 death yaks (Lair:4)
  A hell knight (Volcano)
  A fire crab (Lair:6)
  The ghost of ICC the Thaumaturge, a novice VSGl of Wu Jian (Lair:1)
  2 deep trolls (Orc:2)
  2 unseen horrors (D:11)
  A lindwurm (Lair:6)
  An orc knight (Orc:1)
  3 orb spiders (Spider:1)
  9 wolf spiders (Spider:1)
  9 black mambas
  Joseph (D:7)
  A merfolk siren (Lair:2)
  5 molten gargoyles
  2 cyclopes
  Maurice (D:10)
  3 elephants (Lair:4)
  An ice statue (Lair:6)
  A centaur skeleton (D:11)
  A torpor snail (Spider:1)
  6 spiny frogs
  2 rime drakes
  5 komodo dragons
  An ice devil (Lair:6)
  5 jumping spiders (Spider:1)
  A polar bear (Lair:5)
  2 hornets
  Grinder (D:3)
  A queen bee (D:7)
  7 trolls
  15 blink frogs
  Prince Ribbit (D:6)
  7 hippogriffs
  9 redbacks (Spider:1)
  13 tarantellas (Spider:1)
  49 yaks
  A vampire (D:11)
  7 wyverns
  5 basilisks
  A fire bat (Volcano)
  A neqoxec (D:11)
  Grum (D:8)
  A steam dragon (Lair:6)
  An acid dragon (D:11)
  A warg (Orc:2)
  Duvessa (D:6)
  6 water moccasins
  9 porcupines
  4 hell hounds (Lair:6)
  16 orc warriors
  11 ice beasts
  2 phantoms
  A necrophage (D:7)
  27 ogres
  3 black bears (D:9)
  An eye of draining (D:11)
  7 centaurs
  12 wolves
  11 crocodiles
  9 big kobolds
  An elf zombie (Ossuary)
  18 bullfrogs
  Dowan (D:6)
  34 scorpions
  9 wights
  27 killer bees
  An electric eel (Lair:2)
  4 howler monkeys
  14 lava snakes
  2 crimson imps
  A centaur zombie (Ossuary)
  5 quasits
  6 hounds
  22 orc priests
  A jelly (D:10)
  A human zombie (Ossuary)
  19 orc wizards
  Crazy Yiuf (D:2)
  A bullfrog skeleton (D:7)
  3 iguanas
  12 worker ants
  A big kobold zombie (Ossuary)
  A hound skeleton (D:7)
  2 mummies (Ossuary)
  A howler monkey zombie (D:6)
  16 adders
  3 river rats (Sewer)
  A shadow imp (D:9)
  2 white imps (Lair:6)
  7 oozes
  An adder skeleton (D:4)
  An adder zombie (Ossuary)
  8 worms
  A dart slug (D:1)
  3 leopard geckos
  69 orcs
  14 giant cockroaches
  10 goblins
  6 hobgoblins
  27 jackals
  40 kobolds
  6 quokkas
  8 bats
  6 frilled lizards
  2 goblin zombies
  7 hobgoblin zombies (Ossuary)
  2 jackal skeletons
  3 jackal zombies
  11 kobold zombies (Ossuary)
  8 orc zombies (Ossuary)
  A quokka skeleton (D:5)
  12 rats
  4 rat zombies
807 creatures vanquished.

Vanquished Creatures (others)
  A troll (Orc:1)
  A hell hound (Lair:6)
  A crimson imp (D:8)
  15 plants (Lair:2)
18 creatures vanquished.

Grand Total: 825 creatures vanquished

Notes
Turn   | Place    | Note
-------+----------+-------------------------------------------
     0 | D:1      | PikkenKukken the Gargoyle Fighter began the quest for the
                  | Orb.
     0 | D:1      | Reached XP level 1. HP: 14/14 MP: 1/1
   196 | D:1      | Reached XP level 2. HP: 17/19 MP: 2/2
   616 | D:1      | Reached XP level 3. HP: 18/23 MP: 3/3
  1363 | D:2      | Reached skill level 1 in Dodging
  1664 | D:2      | Reached XP level 4. HP: 21/28 MP: 4/4
  1705 | D:2      | Reached skill level 3 in Maces & Flails
  1829 | D:2      | Found a hazy altar of Hepliaklqana.
  2247 | D:2      | Found a runed door.
  2691 | D:3      | Reached XP level 5. HP: 8/33 MP: 1/5
  3082 | D:3      | Found an ancient bone altar of Kikubaaqudgha.
  3363 | D:3      | Noticed Grinder
  3375 | D:3      | Reached XP level 6. HP: 38/38 MP: 6/6
  3392 | D:3      | Paralysed by Grinder for 2 turns
  3397 | D:3      | Paralysed by Grinder for 3 turns
  3400 | D:3      | Paralysed by Grinder for 2 turns
  3402 | D:3      | Killed Grinder
  3402 | D:3      | Reached skill level 4 in Maces & Flails
  3677 | D:3      | Reached XP level 7. HP: 34/44 MP: 7/7
  3860 | D:4      | Found Dophucse's Distillery.
  3869 | D:4      | Bought a potion of degeneration for 12 gold pieces
  3869 | D:4      | Bought a potion of might for 48 gold pieces
  4007 | D:4      | Reached skill level 5 in Maces & Flails
  4076 | D:4      | Reached skill level 5 in Shields
  4146 | D:4      | Reached skill level 5 in Armour
  4158 | D:4      | Found Rutiala's Antique Weapon Shop.
  4216 | D:4      | Reached XP level 8. HP: 44/48 MP: 6/8
  4391 | D:4      | Reached skill level 5 in Fighting
  4633 | D:4      | Found Qang's Book Shoppe.
  4689 | D:4      | Found Abudiat's Magic Scroll Emporium.
  4742 | D:4      | Bought a scroll of identify for 22 gold pieces
  4742 | D:4      | Bought a scroll of remove curse for 33 gold pieces
  5021 | D:5      | Entered Level 5 of the Dungeon
  5021 | D:5      | Found a staircase to the Ecumenical Temple.
  5033 | Temple   | Entered the Ecumenical Temple
  5136 | Temple   | Became a worshipper of Elyvilon the Healer
  5348 | D:5      | Found a sand-covered staircase.
  5357 | Ossuary  | Entered an ossuary
  5428 | Ossuary  | Reached skill level 6 in Maces & Flails
  5633 | Ossuary  | Reached skill level 1 in Invocations
  5894 | D:5      | Found a blossoming altar of Fedhas.
  6074 | D:5      | Reached * piety under Elyvilon
  6544 | D:6      | Reached XP level 9. HP: 55/55 MP: 10/10
  6608 | D:6      | Noticed Prince Ribbit
  6642 | D:6      | Killed Prince Ribbit
  6740 | D:6      | Reached skill level 7 in Maces & Flails
  6779 | D:6      | Reached ** piety under Elyvilon
  6782 | D:6      | Noticed Dowan
  6782 | D:6      | Noticed Duvessa
  6798 | D:6      | Killed Duvessa
  6803 | D:6      | Killed Dowan
  6928 | D:6      | Found a glowing drain.
  6938 | Sewer    | Entered a sewer
  7833 | D:6      | Reached *** piety under Elyvilon
  7852 | D:6      | Found a burning altar of Makhleb.
  7852 | D:6      | Noticed a balrug
  8196 | D:7      | Reached XP level 10. HP: 60/61 MP: 11/13
  8212 | D:7      | Reached skill level 8 in Maces & Flails
  8363 | D:7      | Found a shattered altar of Ashenzari.
  8380 | D:7      | Found a glowing silver altar of Zin.
  8419 | D:7      | Fell from the grace of Elyvilon
  8419 | D:7      | Became a worshipper of Zin the Law-Giver
  8419 | D:7      | Reached * piety under Zin
  8419 | D:7      | Reached ** piety under Zin
  8643 | D:7      | Reached *** piety under Zin
  8816 | D:8      | Noticed Joseph
  9556 | D:7      | Killed Joseph
  9847 | D:8      | Reached skill level 5 in Invocations
 10180 | D:8      | Reached skill level 9 in Maces & Flails
 10180 | D:8      | Reached skill level 5 in Dodging
 10601 | D:9      | Reached XP level 11. HP: 60/67 MP: 15/15
 10638 | D:9      | Found a staircase to the Lair.
 10907 | D:9      | Noticed Grum
 10975 | D:8      | Killed Grum
 11196 | D:9      | Noticed a two-headed ogre
 11217 | D:9      | Killed a two-headed ogre
 11430 | D:9      | Found an opulent altar of Gozag.
 11430 | D:9      | Found a deep blue altar of Sif Muna.
 11478 | D:9      | Found a sacrificial altar of Ru.
 11774 | D:10     | Entered Level 10 of the Dungeon
 11801 | D:10     | Reached skill level 10 in Maces & Flails
 12008 | D:10     | Noticed a two-headed ogre
 12020 | D:10     | Killed a two-headed ogre
 12210 | D:10     | Noticed Maurice
 12217 | D:10     | Paralysed by something for 2 turns
 12349 | D:10     | Paralysed by something for 2 turns
 12397 | D:10     | Reached **** piety under Zin
 12675 | D:10     | Paralysed by something for 4 turns
 12708 | D:10     | Paralysed by something for 2 turns
 12713 | D:10     | Killed Maurice
 12869 | Lair:1   | Entered Level 1 of the Lair of Beasts
 13637 | Lair:1   | Noticed a minotaur
 13637 | Lair:1   | Noticed ICC's ghost (novice VSGl)
 13659 | Lair:1   | Found a runed gate.
 13659 | Lair:1   | Found a runed gate.
 13659 | Lair:1   | Found a runed gate.
 14082 | Lair:2   | Reached XP level 12. HP: 60/75 MP: 13/17
 14873 | Lair:2   | Reached skill level 11 in Maces & Flails
 15209 | Lair:2   | Found a staircase to the Shoals.
 15486 | Lair:3   | Found a labyrinth entrance.
 15883 | Lair:3   | Found the +2 hat of the Bear Spirit {Spirit, +Rage rN+
                  | MR++}
 16073 | Lair:3   | Found a hole to the Spider Nest.
 16304 | D:4      | Bought a scroll of acquirement for 572 gold pieces
 16311 | D:4      | Found the +8 whip "Snakebite" {curare, rPois}
 16763 | Lair:3   | Noticed a six-headed hydra
 16780 | Lair:3   | Killed a six-headed hydra
 16908 | Lair:4   | Reached skill level 1 in Evocations
 17120 | Lair:4   | Reached ***** piety under Zin
 17423 | Lair:4   | Reached XP level 13. HP: 80/80 MP: 18/18
 18075 | Lair:5   | Reached skill level 10 in Shields
 18085 | Lair:5   | Reached skill level 12 in Maces & Flails
 18240 | Lair:5   | Reached skill level 10 in Armour
 18671 | Lair:5   | Found a dark tunnel.
 18678 | Volcano  | Entered a volcano
 18833 | Volcano  | Reached skill level 10 in Fighting
 19010 | Volcano  | Found a burning altar of Makhleb.
 19584 | Volcano  | Donated 101 gold pieces to Zin
 20321 | D:11     | Found a staircase to the Orcish Mines.
 20504 | D:11     | Gained mutation: Your large and strong wings let you fly
                  | indefinitely. [Gargoyle growth]
 20504 | D:11     | Reached XP level 14. HP: 88/88 MP: 20/20
 20669 | D:11     | Found a transporter.
 20670 | D:11     | Noticed Banto's ghost (journeyman DsGl)
 20793 | D:11     | Found a transporter.
 20892 | D:11     | Killed Banto's ghost
 20926 | D:11     | Reached ****** piety under Zin
 21152 | D:2      | Noticed Crazy Yiuf
 21155 | D:2      | Killed Crazy Yiuf
 21459 | Lair:1   | Killed ICC's ghost
 21669 | Lair:6   | Entered Level 6 of the Lair of Beasts
 21764 | Lair:6   | Reached skill level 13 in Maces & Flails
 22117 | Lair:6   | Found a staircase to the Slime Pits.
 22118 | Lair:6   | Found a viscous altar of Jiyva.
 23137 | Lair:6   | Found a large runed door.
 23229 | Lair:6   | Found a large runed door.
 23740 | Orc:1    | Entered Level 1 of the Orcish Mines
 24047 | Orc:2    | Entered Level 2 of the Orcish Mines
 24065 | Orc:2    | Noticed Snorg
 24090 | Orc:1    | Reached skill level 5 in Evocations
 24193 | Orc:1    | Killed Snorg
 24304 | Orc:2    | Found Qeonogyas's Gadget Boutique.
 24318 | Orc:2    | Reached XP level 15. HP: 78/94 MP: 18/22
 24335 | Orc:1    | Reached skill level 10 in Invocations
 24560 | Orc:2    | Noticed Nessos
 24902 | Orc:1    | Killed Nessos
 24946 | Orc:2    | Found Qobriq's Armour Boutique.
 24960 | Orc:2    | Found a roughly hewn altar of Beogh.
 24982 | Orc:2    | Found Zinizxao's Gadget Shoppe.
 24987 | Orc:2    | Found Qesagec's Magic Scroll Shop.
 25099 | Orc:2    | Found a roughly hewn altar of Beogh.
 25145 | Orc:2    | Found a roughly hewn altar of Beogh.
 25185 | Orc:2    | Found a staircase to the Elven Halls.
 26086 | Spider:1 | Entered Level 1 of the Spider Nest
 26225 | Spider:1 | Reached skill level 14 in Maces & Flails
 27043 | Spider:1 | Noticed an emperor scorpion
 27112 | Spider:1 | Slain by a tarantella

Vault maps used:
D:1:      giann_horns, minmay_tetromino_l4
D:2:      lemuel_coloured_pillars_altar, uniq_crazy_yiuf_cottage
D:3:      marbit_many_paths, uniq_grinder
D:4:      serial_shops, shop, nicolae_shop_trees, shop, nicolae_shop_statue_plus
D:5:      fedhas_bush_and_centaur_altar, minmay_temple_entry_trees,
          enter_ossuary_4, first_ration, minmay_curled_crystal
D:6:      makhleb_altar_promises_db, portal_sewer_entry_f, uniq_prince_ribbit1,
          uniq_duvessa
D:7:      minitemple
D:8:      david_nohive_1, serial_bayou_crossing, uniq_joseph
D:9:      gammafunk_temple_overflow_elements, lair_entry_dummy,
          nicolae_ru_the_path_less_chosen, uniq_grum
D:10:     uniq_maurice
D:11:     orc_0_dummy, gammafunk_ghost_stat_death
Temple:   jpeg_temple_clearing
Lair:1:   maelrawn_ghost_labyrinth_escape, lemuel_fruit_fields
Lair:2:   minmay_shoals_entry_lonely_mermaid, infiniplex_staircase_pool_2,
          grunt_megastairs_2, serial_bayou_shore_a, serial_bayou_shore_b,
          lemuel_fruit_tree
Lair:3:   nicolae_spider_entry_non_spiders, lab_entry_generic, disabler_island,
          lemuel_fruit_fields
Lair:4:   beast_lair_carwin_large_3, grunt_megastairs_5
Lair:5:   nicolae_volcano_entry_hallway, lemuel_fruit_fields
Lair:6:   cheibrodos_lair_end_hotspot, slime_altar_1, ice2_lemuel
Spider:1: spiders_nest_a, hangedman_spider_mandibles
Orc:1:    minmay_goldmine
Orc:2:    st_orc_open, basic_altar, hangedman_feature_mirror, uniq_snorg,
          uniq_nessos
Sewer:    sewer_co_tree
Ossuary:  ossuary_tomb_1
Volcano:  volcano_lake

Skill      XL: |  1  2  3  4  5  6  7  8  9 10 11 12 13 14 15 |
---------------+----------------------------------------------+-----
Dodging        | 1 2 3 4 5 6 7 8 |  8.7
Maces & Flails | 3 4 5 6 7 9 10 11 12 13 14 | 14.2
Shields        | 4 5 6 7 8 9 10 11 | 11.7
Armour         | 4 5 6 7 8 9 10 11 | 11.6
Fighting       | 4 5 6 7 8 9 10 11 | 11.4
Invocations    | 2 4 5 6 7 8 9 10 | 10.5
Evocations     | 2 4 5 6 |  6.1

Action                   |  1- 3 |  4- 6 |  7- 9 | 10-12 | 13-15 || total
-------------------------+-------+-------+-------+-------+-------++-------
Melee: Flail             |   168 |   237 |   131 |       |       ||   536
       Mace              |       |       |   686 |  1474 |       ||  2160
       Whip              |       |       |       |   127 |  1493 ||  1620
Invok: Heal Other        |       |       |     1 |       |       ||     1
       Recite            |       |       |       |    10 |    13 ||    23
       Donate Gold       |       |       |       |     1 |     1 ||     2
       Imprison          |       |       |       |     1 |       ||     1
 Abil: Evoke Flight      |       |       |       |     2 |     1 ||     3
       Evoke Berserk Rag |       |       |       |       |     6 ||     6
       Fly               |       |       |       |       |     1 ||     1
Evoke: Wand              |       |       |       |       |     1 ||     1
  Use: Scroll            |     6 |     1 |    10 |     9 |     5 ||    31
       Potion            |       |     3 |     6 |     1 |     1 ||    11
 Stab: Paralysed         |       |       |       |     4 |    13 ||    17
       Invisible         |       |       |       |     2 |     1 ||     3
       Confused          |       |       |       |       |     5 ||     5
  Eat: Chunk             |     3 |     6 |    14 |    20 |    10 ||    53
       Ration            |       |     1 |       |     4 |     8 ||    13
Armor: Scale mail        |   101 |   141 |    31 |       |       ||   273
       Plate armour      |       |       |   382 |   878 |   679 ||  1939
Dodge: Dodged            |    61 |    85 |   198 |   460 |   310 ||  1114
Block: Shield            |   114 |   135 |   491 |  1054 |   211 ||  2005
       Large shield      |       |       |       |       |   826 ||   826

Table legend:
 A = Non-vault XP
 B = Vault XP
 C = Vault XP percentage of total XP
 D = Non-vault monster count
 E = Vault monster count
 F = Vault count percentage of total count
                 A         B        C        D         E       F
            +---------+---------+-------+---------+---------+-------
      Total |   54230 |   58611 |  51.9 |     507 |     300 |  37.2
            +---------+---------+-------+---------+---------+-------
        D:1 |      33 |       4 |  10.8 |      21 |       1 |   4.5
        D:2 |      93 |      39 |  29.5 |      26 |       1 |   3.7
        D:3 |     274 |     288 |  51.2 |      29 |       2 |   6.5
        D:4 |     856 |       0 |   0.0 |      36 |       0 |   0.0
        D:5 |     367 |     117 |  24.2 |      19 |       3 |  13.6
        D:6 |     932 |     495 |  34.7 |      26 |       9 |  25.7
        D:7 |    1635 |    1327 |  44.8 |      30 |      11 |  26.8
        D:8 |    2005 |     540 |  21.2 |      22 |       6 |  21.4
        D:9 |    4734 |     345 |   6.8 |      51 |       3 |   5.6
       D:10 |    2651 |     462 |  14.8 |      35 |       1 |   2.8
       D:11 |    6981 |    1342 |  16.1 |      50 |       6 |  10.7
     Lair:1 |    1063 |    2299 |  68.4 |       4 |       4 |  50.0
     Lair:2 |    3077 |    1823 |  37.2 |      17 |       8 |  32.0
     Lair:3 |    3475 |     539 |  13.4 |      14 |      10 |  41.7
     Lair:4 |    3720 |    5274 |  58.6 |      16 |      13 |  44.8
     Lair:5 |    6860 |     310 |   4.3 |      28 |       1 |   3.4
     Lair:6 |    4420 |   11496 |  72.2 |      13 |      40 |  75.5
   Spider:1 |    7401 |    8347 |  53.0 |      22 |      50 |  69.4
      Orc:1 |    1793 |    4868 |  73.1 |      14 |      19 |  57.6
      Orc:2 |    1860 |   11268 |  85.8 |      34 |      29 |  46.0
      Sewer |       0 |     444 | 100.0 |       0 |      28 | 100.0
    Ossuary |       0 |     278 | 100.0 |       0 |      39 | 100.0
    Volcano |       0 |    6706 | 100.0 |       0 |      16 | 100.0
            +---------+---------+-------+---------+---------+-------
